 Dungeon Crawl Stone Soup version 0.29-a0-653-gd47aff6735 (webtiles) character file.

Game seed: 7580206090711062754

8 vineage the Skirmisher (level 2, 23/23 HPs)
             Began as a Demonspawn Gladiator on June 21, 2022.
             Quit the game on level 1 of the Dungeon.
             The game lasted 00:00:28 (414 turns).

vineage the Skirmisher (Demonspawn Gladiator)        Turns: 414, Time: 00:00:29

Health: 23/23      AC:  4    Str: 14    XL:     2   Next: 0%
Magic:  2/2        EV: 12    Int:  9    God:
Gold:   11         SH:  0    Dex: 14    Spells: 1/1 levels left

rFire   . . .      SeeInvis .   a - +0 flail
rCold   . . .      Faith    .   (no shield)
rNeg    . . .      Spirit   .   b - +0 leather armour
rPois   .          Reflect  .   c - +0 helmet
rElec   .          Harm     .   (no cloak)
rCorr   .          Rampage  .   (no gloves)
Will    .....                   (no boots)
Stlth   +.........              (no amulet)
HPRegen 0.07/turn               (no ring)
MPRegen 0.16/turn               (no ring)

@: no status effects
A: magic regeneration
a: no special abilities


You were on level 1 of the Dungeon.
You visited 1 branch of the dungeon, and saw 2 of its levels.

You collected 11 gold pieces.

Inventory:

Hand Weapons
 a - a +0 flail (weapon)
Missiles
 d - 3 throwing nets (quivered)
 e - a javelin
Armour
 b - a +0 leather armour (worn)
 c - a +0 helmet (worn)
Scrolls
 f - a scroll of fog {unknown}
 i - a scroll of immolation {unknown}
Potions
 g - 2 potions of curing {unknown}
 h - 2 potions of degeneration {unknown}
 j - a potion of heal wounds {unknown}


   Skills:
 * Level 2.7 Fighting
 - Level 2.6 Maces & Flails
 - Level 1.7 Throwing
 - Level 2.6 Dodging


You had one spell level left.
You didn't know any spells.
Your spell library was empty.

Dungeon Overview and Level Annotations

Branches:
Dungeon (2/15)

Altars:


Innate Abilities, Weirdness & Mutations

You regenerate magic rapidly.


Message History

You sock the rat!
You kill the rat!
A goblin comes into view. It is wielding a +0 club.
There is a stone staircase leading down here.
A goblin is nearby!
A goblin is nearby!
The goblin shouts!
You see here a rat corpse.
A bat comes into view.
The bat moves out of view.
You thump the goblin!
You kill the goblin!
No target in view!
No target in view!
No target in view!
No target in view!
No target in view!
No target in view!
No target in view!
No target in view!
A bat is nearby!
A bat is nearby!
You hit the bat.
You kill the bat!
i - a scroll labelled ASYJOS EN AGED
j - a murky sapphire potion You now have 11 gold pieces (gained 5).
Found a stone staircase leading down.
No target in view!
A goblin comes into view. It is wielding a +0 dagger.
The goblin shouts!
A goblin is nearby!
A goblin is nearby!
The goblin closely misses you.
You sock the goblin!
You kill the goblin!
You have reached level 2!
Your demonic ancestry asserts itself...
Your magic begins to regenerate rapidly.
Are you sure you want to abandon this character and quit the game? (Confirm with "yes".)

##### ....## ###..# ##.#
#.#
####.################...
................@)......
####.######.#########...
#.## #.# #..# #.# ###.##
#.# #....# #.# ###.##.##
#.# #.......# #.#
#.#..#.## #.#


There were no monsters in sight!

Vanquished Creatures
  An endoplasm (D:1)
  2 goblins (D:1)
  A quokka (D:1)
  A bat (D:1)
  A frilled lizard (D:1)
  A kobold (D:1)
  A rat (D:1)
8 creatures vanquished.

Notes
Turn   | Place    | Note
-------+----------+-------------------------------------------
     0 | D:1      | vineage the Demonspawn Gladiator began the quest for the
                  | Orb.
     0 | D:1      | Reached XP level 1. HP: 16/16 MP: 1/1
    38 | D:1      | You fall into a shaft and drop 1 floor!
   414 | D:1      | Gained mutation: You regenerate magic rapidly. [demonic
                  | ancestry]
   414 | D:1      | Reached XP level 2. HP: 23/23 MP: 2/2
   414 | D:1      | Quit the game

Illustrated notes

Levels and vault maps discovered:
D:1:      ncdulo_smallfort, layout_basic, dilly_ecumenical_altar_fadedgnrine
D:2:      layout_loops_ring, serial_forest, infiniplex_forest_zigzag_1,
          infiniplex_forest_end_1, infiniplex_forest_lined_room_,
          infiniplex_forest_clump_diagonal, infiniplex_forest_lined_2,
          infiniplex_forest_clump_tiny, infiniplex_forest_fountain,
          infiniplex_forest_clump_curved

Action                   || total
-------------------------++-------
Melee: Flail             ||    25
 Stab: Sleeping          ||     1
Armor: Leather armour    ||     4
Dodge: Dodged            ||    18

Table legend: (Time is in decaauts)
 A = Elapsed time spent in this place.
 B = Non-inter-level travel time spent in this place.
 C = Inter-level travel time spent in this place.
 D = Time resting spent in this place.
 E = Time spent auto-exploring this place.
 F = Levels seen in this place.
 G = Mean time per level.
                   A        B        C        D        E       F      G
               +--------+--------+--------+--------+--------+-----+--------+
         Total |    420 |    407 |     13 |      0 |    342 |   2 |  210.0 |
       Dungeon |    420 |    407 |     13 |      0 |    342 |   2 |  210.0 |
               +--------+--------+--------+--------+--------+-----+--------+

Top non-repeatable levels by time:
     D:1: 392 daAuts
     D:2: 27 daAuts
